 Seeded DCSS version 0.30-a0-808-g6e0788376e (webtiles) character file.

Game seed: 3890600479074632558 (custom seed)

33214 Farfigtubin the Covert (level 14, -7/74 HPs)
             Began as a Kobold Brigand on Feb 22, 2023.
             Was the Champion of Wu Jian.
             Killed from afar by an ice dragon (30 damage)
             ... with a blast of cold
             ... on level 14 of the Dungeon on Feb 25, 2023.
             The game lasted 03:03:33 (13762 turns).

Farfigtubin the Covert (Kobold Brigand)            Turns: 13762, Time: 03:03:34

Health: -7/74      AC:  5    Str:  9    XL:     14   Next: 6%
Magic:  27/27      EV: 29    Int: 13    God:    Wu Jian [******]
Gold:   455        SH:  0    Dex: 20    Spells: 23/31 levels left

rFire   . . .      SeeInvis .    j - +11 dagger of the Stained God {drain, rN+}
rCold   . . .      Faith    .    (no shield)
rNeg    + + .      Spirit   .    b - +2 robe {rN+}
rPois   .          Reflect  .    (no helmet)
rElec   .          Harm     .    c - +0 cloak
rCorr   .          Rampage  .    (no gloves)
Will    +....                    (no boots)
Stlth   +++++++                  y - amulet of regeneration
HPRegen 1.12/turn                l - +5 ring of evasion
MPRegen 0.20/turn                Q - ring of wizardry

@: swift (expiring), quick
A: small, no large weapons, nightstalker 3
a: Renounce Religion, Wall Jump, Serpent's Lash, Heavenly Storm


You were on level 14 of the Dungeon.
You worshipped Wu Jian.
Wu Jian was exalted by your worship.
You visited 3 branches of the dungeon, and saw 16 of its levels.

You collected 1031 gold pieces.
You spent 576 gold pieces at shops.

Inventory:

Hand Weapons
 j - the +11 dagger of the Stained God (weapon) {drain, rN+}
   (You found it on level 3 of the Dungeon)

   rN:        It protects you from negative energy.
 q - a +0 sling of flaming
 K - a +4 shortbow
Missiles
 d - 32 poisoned darts (quivered)
 e - 3 curare-tipped darts
 o - 11 boomerangs
 A - 3 throwing nets
Armour
 b - a +2 robe of positive energy (worn)
 c - a +0 cloak (worn)
 C - an orb of energy
Jewellery
 g - a ring of protection from cold
 l - a +5 ring of evasion (left hand)
 m - a ring of willpower
 n - a ring of see invisible
 y - an amulet of regeneration (around neck)
 Q - a ring of wizardry (right hand)
Wands
 h - a wand of flame (29)
 r - a wand of light (13)
 N - a wand of paralysis (20)
 P - a wand of iceblast (6)
 U - a wand of mindburst (5)
 X - a wand of digging (10)
Scrolls
 i - 2 scrolls of magic mapping
 k - 3 scrolls of teleportation
 s - 3 scrolls of enchant armour
 w - 4 scrolls of silence {unknown}
 x - a scroll of brand weapon {unknown}
 z - 8 scrolls of enchant weapon
 D - a scroll of immolation {unknown}
 E - 2 scrolls of poison {unknown}
 F - 4 scrolls of fog
 I - 4 scrolls of identify {@r1}
 M - 3 scrolls of vulnerability {unknown}
 V - 2 scrolls of fear {unknown}
Potions
 a - a potion of haste
 u - 5 potions of lignification
 B - 4 potions of magic
 H - 2 potions of cancellation {unknown}
 L - 2 potions of berserk rage
 O - 2 potions of invisibility
 T - a potion of ambrosia
 W - 2 potions of brilliance
 Y - a potion of mutation {unknown}


   Skills:
 - Level 3.6 Fighting
 - Level 10.0 Short Blades
 - Level 2.2 Throwing
 + Level 12.9 Dodging
 + Level 14.7 Stealth
 + Level 9.2 Spellcasting
 + Level 9.3 Hexes
 * Level 6.8 Translocations
 + Level 3.1 Transmutations
 - Level 6.1 Air Magic


You had 23 spell levels left.
You knew the following spells:

 Your Spells              Type           Power      Damage    Failure   Level
a - Ensorcelled Hibernat  Hex/Ice        36%        N/A       1%          2
b - Swiftness             Air            22%        N/A       1%          3
c - Teleport Other        Tloc           23%        N/A       1%          3

Your spell library contained the following spells:

 Spells                   Type           Power      Damage    Failure   Level
 Gell's Gravitas          Tloc           23%        N/A       1%          3
 Vhi's Electric Charge    Tloc/Air       44%        N/A       1%          3
 Static Discharge         Conj/Air       28%        2-4/arc   2%          2
 Summon Guardian Golem    Hex/Summ       18%        N/A       2%          3
 Freeze                   Ice            24%        1d4       4%          1
 Necrotise                Necr           24%        1d5       4%          1
 Sandblast                Erth           12%        2d6       4%          1
 Passwall                 Tmut/Erth      8%         N/A       4%          2
 Leda's Liquefaction      Hex/Erth       9%         N/A       8%          4
 Ignite Poison            Fire/Tmut/Pois 8%         N/A       10%         3
 Frozen Ramparts          Ice            12%        1d2       16%         3
 Hailstorm                Conj/Ice       6%         3d4       16%         3
 Stone Arrow              Conj/Erth      12%        3d7       16%         3
 Vampiric Draining        Necr           6%         2d6       16%         3
 Petrify                  Tmut/Erth      10%        N/A       26%         4
 Arcjolt                  Conj/Air       7%         1d17      34%         5
 Lightning Bolt           Conj/Air       7%         1d19      34%         5
 Dispersal                Tloc           11%        N/A       41%         6
 Sticky Flame             Conj/Fire      6%         2d3       43%         4
 Agony                    Necr           6%         N/A       77%         5
 Orb of Destruction       Conj           3%         9d5       100%        7
 Spellforged Servitor     Conj/Summ      3%         N/A       100%        7
 Ignition                 Fire           3%         3d4       100%        8
 Polar Vortex             Ice            3%         N/A       100%        9


Dungeon Overview and Level Annotations

Branches:
Dungeon (14/15)            Temple (1/1) D:5            Lair (1/5) D:9
    Orc (0/2) D:12         Vaults (0/5) D:13

Altars:
Ashenzari
Cheibriados
Dithmenos
Elyvilon
Fedhas
Gozag
Hepliaklqana
Kikubaaqudgha
Makhleb
Nemelex Xobeh
Okawaru
Qazlal
Ru
Sif Muna
Trog
Uskayaw
Vehumet
Wu Jian
Xom
Yredelemnul
Zin
The Shining One

Shops:
D:6 *   D:8 [   D:12 !!?

Annotations:
D:8 exclusion: oklob sapling


Innate Abilities, Weirdness & Mutations

You are small and have problems with some larger weapons.
You are completely attuned to the shadows.


Message History

You drain the ice dragon.
The ice dragon is lightly wounded.
You hit the ice dragon but do no damage.
The ice dragon is lightly wounded.
The ice dragon completely misses you.
The ice dragon claws you but does no damage.
The ice dragon completely misses you.
You hit the ice dragon. You drain the ice dragon.
The ice dragon is moderately wounded.
You barely miss the ice dragon.
The ice dragon is moderately wounded.
The ice dragon misses you.
The ice dragon completely misses you. x2
You hit the ice dragon but do no damage.
You drain the ice dragon.
The ice dragon is moderately wounded.
You puncture the ice dragon!
The ice dragon is heavily wounded.
The ice dragon closely misses you. The ice dragon completely misses you.
The ice dragon misses you.
You closely miss the ice dragon.
The ice dragon is heavily wounded.
You hit the ice dragon.
The ice dragon is heavily wounded.
The ice dragon misses you. The ice dragon completely misses you.
The ice dragon tramples you!
You stumble backwards!
You hit the ice dragon.
The ice dragon is heavily wounded.
You hit the ice dragon. You drain the ice dragon.
The ice dragon is heavily wounded.
You start to feel a little slower.
The ice dragon barely misses you. The ice dragon claws you.
* * * LOW HITPOINT WARNING * * *
The ice dragon closely misses you.
You barely miss the ice dragon.
The ice dragon is heavily wounded.
You barely miss the ice dragon.
The ice dragon is heavily wounded.
The ice dragon breathes frost at you. The blast of cold hits you!!
You die...

.......... ..# #D
...........# ...# .#
#...........### ....#.
#...........#.. .....##
#...........'.#
#.)..####...........###
####.D@.............#
######'########### #...#
###'######## ####+#####
#..........# #........###
#..........# #........'.####
#........<.+
#........#....###..........#
#........####...#..........#


You could see an ice dragon (catching breath, drained).

Vanquished Creatures
  A yaktaur captain (D:13)
  Erolcha (D:9)
  An ice dragon (D:10)
  A hydra (D:10)
  5 centaur warriors
  A catoblepas (D:10)
  3 tengu warriors
  A boulder beetle (D:10)
  2 two-headed ogres
  Nergalle (D:11)
  Amaemon (D:11)
  A skeletal warrior (D:10)
  A deep elf pyromancer (D:10)
  Pikel (D:4)
  4 ugly things (D:14)
  A cyclops (D:13)
  3 manticores
  An orc sorcerer (D:10)
  A black mamba (Lair:1)
  An orange demon (D:11)
  2 unseen horrors
  3 komodo dragons
  2 yaktaurs (D:13)
  2 kobold demonologists
  An efreet (D:10)
  5 trolls
  2 hornets
  3 shadows
  4 slime creatures (D:12)
  2 vampires
  3 wyverns
  4 wraiths
  30 yaks
  10 vampire mosquitoes
  A water moccasin (D:4)
  4 ice beasts
  9 orc warriors
  3 black bears
  3 ogres
  7 centaurs
  A phantom (D:6)
  A lemure (D:4)
  2 kobold brigands
  Blork the orc (D:4)
  2 bullfrogs
  3 gnoll sergeants
  3 scorpions
  7 killer bees
  7 howler monkeys
  13 orc priests
  A hound (D:5)
  6 iguanas
  14 orc wizards
  10 adders
  34 gnolls
  A white imp (D:6)
  An ufetubus (D:4)
  2 worms (D:2)
  2 dart slugs
  32 orcs
  4 endoplasms
  4 giant cockroaches
  12 goblins
  7 hobgoblins
  10 jackals
  12 kobolds
  2 quokkas
  9 ball pythons
  9 bats
  A rat (D:3)
345 creatures vanquished.

Vanquished Creatures (others)
  7 plants (D:8)
7 creatures vanquished.

Grand Total: 352 creatures vanquished

Notes
Turn   | Place    | Note
-------+----------+-------------------------------------------
     0 | D:1      | Farfigtubin the Kobold Brigand began the quest for the Orb.
     0 | D:1      | Reached XP level 1. HP: 12/12 MP: 1/1
   132 | D:2      | Reached XP level 2. HP: 18/18 MP: 2/2
   173 | D:3      | Found a shimmering blue altar of Sif Muna.
   173 | D:3      | Found an ornate altar of the Wu Jian Council.
   174 | D:3      | Found a glowing golden altar of the Shining One.
   180 | D:3      | Became a worshipper of the Wu Jian Council
   182 | D:3      | Identified the +11 dagger of the Stained God {drain, rN+}
   193 | D:3      | Reached XP level 3. HP: 22/22 MP: 3/3
   365 | D:1      | Reached skill level 6 in Stealth
  1087 | D:2      | Reached * piety under Wu Jian
  1103 | D:2      | Reached XP level 4. HP: 27/27 MP: 4/4
  1413 | D:2      | Reached XP level 5. HP: 32/32 MP: 5/5
  1414 | D:2      | Reached skill level 7 in Stealth
  1990 | D:3      | Reached XP level 6. HP: 37/37 MP: 6/6
  2070 | D:3      | Reached ** piety under Wu Jian
  2556 | D:4      | Noticed Pikel
  2556 | D:4      | Noticed Blork the orc
  2560 | D:4      | Reached skill level 5 in Short Blades
  2675 | D:4      | Noticed a water moccasin
  2691 | D:4      | Killed a water moccasin
  2692 | D:4      | Reached skill level 1 in Spellcasting
  2692 | D:4      | Reached skill level 1 in Hexes
  2692 | D:4      | Reached XP level 7. HP: 41/41 MP: 8/8
  2702 | D:4      | Learned a level 2 spell: Ensorcelled Hibernation
  2756 | D:5      | Entered Level 5 of the Dungeon
  2778 | D:4      | Found a stormy altar of Qazlal.
  2797 | D:4      | Killed Pikel
  2798 | D:4      | Reached skill level 8 in Stealth
  2798 | D:4      | Reached XP level 8. HP: 22/47 MP: 9/11
  2927 | D:4      | Killed Blork the orc
  3137 | D:4      | Found a sparkling altar of Nemelex Xobeh.
  3435 | D:4      | Reached skill level 9 in Stealth
  4041 | D:5      | Reached XP level 9. HP: 51/51 MP: 14/14
  4129 | D:5      | Reached *** piety under Wu Jian
  4218 | D:5      | Identified the +3 ring mail "Esius" {rC- Regen+ Dex+4}
  4497 | D:5      | Found a staircase to the Ecumenical Temple.
  4503 | Temple   | Entered the Ecumenical Temple
  5373 | D:6      | Found Istotops's Assorted Antiques.
  5380 | D:6      | Bought a scroll of identify for 54 gold pieces
  5552 | D:7      | Reached skill level 10 in Short Blades
  5552 | D:7      | Reached skill level 10 in Stealth
  5626 | D:7      | Upgraded the game from 0.30-a0-800-g7c544603b3 to
                  | 0.30-a0-802-gb92711bcdf
  5867 | D:7      | Reached skill level 1 in Air Magic
  5867 | D:7      | Reached XP level 10. HP: 38/56 MP: 15/17
  6045 | D:7      | Reached skill level 5 in Dodging
  6233 | D:7      | Reached skill level 5 in Hexes
  6233 | D:7      | Reached **** piety under Wu Jian
  6263 | D:7      | Found a faded altar of an unknown god.
  6266 | D:7      | Found an iron altar of Okawaru.
  6267 | D:7      | Found a white marble altar of Elyvilon.
  6268 | D:7      | Found a faded altar of an unknown god.
  6273 | D:7      | Found a snail-covered altar of Cheibriados.
  6644 | D:8      | Reached skill level 5 in Spellcasting
  6736 | D:8      | Found Zuppeb's Armour Shoppe.
  6750 | D:8      | Noticed a two-headed ogre
  6773 | D:8      | Killed a two-headed ogre
  6988 | D:8      | Reached skill level 11 in Stealth
  7213 | D:8      | Got the Spellbook of the Rocky Icicle
  7732 | D:9      | Reached XP level 11. HP: 60/60 MP: 19/19
  7767 | D:9      | Reached ***** piety under Wu Jian
  7771 | D:9      | Noticed Erolcha
  7786 | D:9      | Killed Erolcha
  7855 | D:9      | Found a staircase to the Lair.
  7864 | Lair:1   | Entered Level 1 of the Lair of Beasts
  8143 | D:9      | Reached skill level 12 in Stealth
  8157 | D:9      | Learned a level 3 spell: Swiftness
  8298 | D:10     | Entered Level 10 of the Dungeon
  8949 | D:10     | Noticed a two-headed ogre
  8952 | D:10     | Killed a two-headed ogre
  8953 | D:10     | Reached skill level 10 in Dodging
  8953 | D:10     | Reached skill level 5 in Air Magic
  9171 | D:10     | Noticed a deep elf pyromancer
  9182 | D:10     | Noticed an orc sorcerer
  9183 | D:10     | Killed a deep elf pyromancer
  9184 | D:10     | Reached XP level 12. HP: 65/65 MP: 22/22
  9267 | D:10     | Noticed an ice dragon
  9270 | D:10     | Killed an ice dragon
  9660 | D:10     | Reached skill level 13 in Stealth
  9920 | D:10     | Noticed a centaur warrior
  9920 | D:10     | Noticed a five-headed hydra
  9938 | D:10     | Killed a centaur warrior
 10010 | D:10     | Killed a five-headed hydra
 10011 | D:10     | Reached skill level 1 in Translocations
 10022 | D:10     | Noticed a catoblepas
 10022 | D:10     | Noticed a boulder beetle
 10022 | D:10     | Noticed a centaur warrior
 10058 | D:10     | Killed a boulder beetle
 10116 | D:10     | Noticed a skeletal warrior
 10117 | D:10     | You fall into a shaft and drop 3 floors!
 10118 | D:13     | Noticed a centaur warrior
 10121 | D:13     | Killed a centaur warrior
 10185 | D:13     | Learned a level 3 spell: Teleport Other
 10187 | D:13     | Noticed a tengu warrior
 10190 | D:13     | Killed a tengu warrior
 10191 | D:13     | Reached XP level 13. HP: 69/69 MP: 25/25
 10210 | D:12     | Found Zupoz's Magic Scroll Shop.
 10228 | D:12     | Bought a scroll of noise for 17 gold pieces
 10228 | D:12     | Bought a scroll of fog for 68 gold pieces
 10228 | D:12     | Bought a scroll of identify for 34 gold pieces
 10228 | D:12     | Bought a scroll of identify for 34 gold pieces
 10249 | D:12     | Found Noomno's Distillery.
 10286 | D:12     | Bought a potion of invisibility for 96 gold pieces
 10286 | D:12     | Bought a potion of haste for 120 gold pieces
 10340 | D:12     | Found a staircase to the Orcish Mines.
 10682 | D:11     | Found a glowing golden altar of the Shining One.
 10968 | D:10     | Killed a catoblepas
 11137 | D:10     | Killed a centaur warrior
 11169 | D:10     | Upgraded the game from 0.30-a0-802-gb92711bcdf to
                  | 0.30-a0-808-g6e0788376e
 11346 | D:11     | Reached skill level 14 in Stealth
 11536 | D:11     | Noticed Amaemon
 11539 | D:11     | Killed Amaemon
 11542 | D:11     | Reached skill level 5 in Translocations
 11787 | D:11     | Noticed Nergalle
 11790 | D:11     | Killed Nergalle
 11791 | D:11     | Reached skill level 1 in Transmutations
 12461 | D:12     | Found Riri's Distillery.
 12466 | D:12     | Bought a potion of heal wounds for 85 gold pieces
 12466 | D:12     | Bought a potion of brilliance for 68 gold pieces
 13020 | D:13     | Noticed a centaur warrior
 13037 | D:13     | Killed a centaur warrior
 13038 | D:13     | Noticed a yaktaur captain
 13059 | D:13     | Killed a yaktaur captain
 13105 | D:13     | Found a gate to the Vaults.
 13159 | D:13     | Noticed a centaur warrior
 13185 | D:13     | Killed a centaur warrior
 13185 | D:13     | Reached ****** piety under Wu Jian
 13576 | D:14     | HP: 1/69 [meliai/divine providence (14)]
 13690 | D:14     | Reached XP level 14. HP: 70/74 MP: 27/27
 13762 | D:14     | Killed from afar by an ice dragon

Illustrated notes

Levels and vault maps discovered:
D:1:      sevenhm_arrival_forest_fort_small_4, layout_basic
D:2:      layout_loops_corners
D:3:      layout_basic, chequers_temple_overflow_statue_of_worship,
          minmay_splitting_lines
D:4:      layout_rooms, nicolae_qazlal_scattered_showers,
          nemelex_dance_club_becter, uniq_pikel, uniq_blork_the_orc
D:5:      layout_basic, temple_green, minmay_misc_feat_pillars,
          dk_noncrumbling_3
D:6:      layout_basic, serial_shops, nicolae_lakefront_shop
D:7:      layout_loops_ring, chequers_temple_overflow_minitemple
D:8:      layout_basic, serial_aquarium, aquarium_bridge_square
          [aquarium_subvault_bridge, aquarium_subvault_balcony,
          aquarium_subvault_wall, aquarium_subvault_window],
          aquarium_bridge_straight [aquarium_subvault_bridge,
          aquarium_subvault_wall, aquarium_subvault_bridge,
          aquarium_subvault_wall], aquarium_window_fake, aquarium_window_2,
          aquarium_view_2d, aquarium_balcony_5a, aquarium_pool_1, serial_shops,
          nicolae_shop_waterfront, introduction_to_nature_2
D:9:      layout_rooms, grunt_lair_entry_orc_guard_hut, uniq_erolcha
D:10:     minmay_the_grid_4x2 [minmay_the_grid_pillar_ring,
          minmay_the_grid_minigrid_medium, minmay_the_grid_box_x,
          minmay_the_grid_rooms, minmay_the_grid_tri_star,
          minmay_the_grid_broken_lines, minmay_the_grid_dragon_b,
          minmay_the_grid_prize_four_corners], layout_irregular_city
D:11:     layout_stronghold, tso_oasis_becter, uniq_nergalle, uniq_amaemon
D:12:     layout_roguey, orc_0_dummy, serial_shops, nicolae_shop_hallway_stairs,
          nicolae_shop_statue_plus, shop
D:13:     layout_roguey, david_vaults_2
D:14:     layout_roguey, portal_ice_cave_entry_dragon, moated_statue,
          hangedman_ranch, uniq_rupert
Temple:   eino_temple_lava
Lair:1:   layout_small_grid

Skill      XL: |  1  2  3  4  5  6  7  8  9 10 11 12 13 |
---------------+----------------------------------------+-----
Short Blades   | 3 4 5 7 8 10 | 10.0
Stealth        | 6 7 8 9 10 11 12 13 14 | 14.7
Fighting       | 3 |  3.6
Spellcasting   | 1 2 3 4 5 7 8 9 |  9.2
Hexes          | 1 2 3 4 6 7 8 9 |  9.3
Dodging        | 2 4 7 10 11 12 | 12.9
Air Magic      | 1 3 5 6 |  6.1
Translocations | 3 6 |  6.8
Transmutations | 3 |  3.1
Throwing       | |  2.2

Action                     |  1- 3 |  4- 6 |  7- 9 | 10-12 | 13-15 || total
---------------------------+-------+-------+-------+-------+-------++-------
  Melee: Dagger            |    56 |    57 |   152 |   413 |   324 ||  1002
         Punch             |       |       |     1 |     8 |     4 ||    13
  Throw: Dart              |       |       |     3 |       |       ||     3
         Boomerang         |       |       |       |     3 |       ||     3
   Cast: Ensorcelled Hiber |       |       |       |    20 |     4 ||    24
         Swiftness         |       |       |       |     1 |     4 ||     5
Ability: Lunge             |    16 |    19 |    49 |    60 |    38 ||   182
         Whirlwind         |       |     2 |     1 |    10 |     4 ||    17
  Evoke: Wand              |       |       |       |     1 |       ||     1
    Use: Scroll            |       |     3 |     4 |     8 |     5 ||    20
         Potion            |       |       |       |     2 |     6 ||     8
   Stab: Sleeping          |    23 |    24 |    32 |    51 |    22 ||   152
         Distracted        |       |       |     3 |     6 |     5 ||    14
         Invisible         |       |       |       |     1 |       ||     1
 Armour: Robe              |     8 |     3 |     7 |    14 |    22 ||    54
  Dodge: Dodged            |    23 |    19 |    58 |   225 |   227 ||   552

Table legend: (Time is in decaauts)
 A = Elapsed time spent in this place.
 B = Non-inter-level travel time spent in this place.
 C = Inter-level travel time spent in this place.
 D = Time resting spent in this place.
 E = Time spent auto-exploring this place.
 F = Levels seen in this place.
 G = Mean time per level.
                   A        B        C        D        E       F      G
               +--------+--------+--------+--------+--------+-----+--------+
         Total |  13444 |  12450 |    994 |   1302 |    847 |  16 |  840.2 |
       Dungeon |  13109 |  12124 |    985 |   1302 |    751 |  14 |  936.4 |
        Temple |    118 |    109 |      9 |      0 |     96 |   1 |  118.0 |
          Lair |    216 |    216 |      0 |      0 |      0 |   1 |  216.0 |
               +--------+--------+--------+--------+--------+-----+--------+

Top non-repeatable levels by time:
    D:10: 2086 daAuts
    D:11: 1321 daAuts
     D:5: 1093 daAuts
     D:2: 1072 daAuts
     D:8: 1025 daAuts
     D:7: 958 daAuts
    D:12: 891 daAuts
     D:1: 862 daAuts
     D:6: 844 daAuts
     D:3: 792 daAuts
     D:4: 681 daAuts
    D:13: 638 daAuts
     D:9: 605 daAuts
    D:14: 235 daAuts
  Lair:1: 216 daAuts
